 Dungeon Crawl Stone Soup version 0.19-a0-1365-gb34f4cb (webtiles) character file.

819 magipi the Carver (level 8, 0/51 HPs)
             Began as a Halfling Berserker on Sept 2, 2016.
             Was a Priest of Trog.
             Succumbed to a water moccasin's poison
             ... on level 5 of the Dungeon.
             The game lasted 00:15:11 (5739 turns).

magipi the Carver (Halfling Berserker)              Turns: 5739, Time: 00:15:12

Health: 0/51       AC: 10    Str: 22    XL:     8   Next: 16%
Magic:  8/8        EV: 11    Int:  7    God:    Trog [***...]
Gold:   211        SH:  2    Dex: 15    Spells: 0 memorised, 7 levels left

rFire  + + .     SeeInvis .     a - +0 falchion
rCold  . . .     Gourm    .     t - +0 chain mail (curse)
rNeg   . . .     Faith    .     (shield restricted)
rPois  .         Spirit   .     (no helmet)
rElec  .         Dismiss  .     o - +0 cloak
rCorr  .         Reflect  +     (no gloves)
MR     ++...     Harm     .     r - +0 pair of boots
Stlth  ..........               s - +2 amulet of reflection
                                f - ring of protection from fire
                                h - ring of protection from fire

@: mighty, lethally poisoned (0 -> -1), regenerating
A: mutation resistance 1
a: Berserk, Trog's Hand, Burn Spellbooks, Renounce Religion


You were on level 5 of the Dungeon.
You worshipped Trog.
Trog was most pleased with you.
You were very hungry.

You visited 1 branch of the dungeon, and saw 5 of its levels.

You collected 211 gold pieces.

Notes
Turn   | Place    | Note
-------+----------+-------------------------------------------
     0 | D:1      | magipi the Halfling Berserker began the quest for the Orb.
     0 | D:1      | Reached XP level 1. HP: 15/15 MP: 1/1
   353 | D:1      | Reached XP level 2. HP: 20/20 MP: 2/2
  1269 | D:2      | Reached skill level 4 in Long Blades
  1269 | D:2      | Reached XP level 3. HP: 25/25 MP: 3/3
  1277 | D:2      | Found a bloodstained altar of Trog.
  1298 | D:2      | Reached ** piety under Trog
  1821 | D:3      | Reached XP level 4. HP: 29/30 MP: 4/4
  2007 | D:2      | Reached skill level 5 in Long Blades
  2395 | D:3      | Reached XP level 5. HP: 34/35 MP: 5/5
  2838 | D:3      | Reached *** piety under Trog
  2838 | D:3      | Reached skill level 6 in Long Blades
  3251 | D:4      | Found a white marble altar of Elyvilon.
  3491 | D:4      | Reached XP level 6. HP: 41/41 MP: 6/6
  4235 | D:4      | Reached skill level 7 in Long Blades
  4697 | D:4      | Noticed Sigmund
  4725 | D:4      | Killed Sigmund
  4725 | D:4      | Reached skill level 8 in Long Blades
  4725 | D:4      | Reached XP level 7. HP: 45/45 MP: 7/7
  5175 | D:5      | Entered Level 5 of the Dungeon
  5216 | D:5      | Found an opulent altar of Gozag.
  5601 | D:5      | Received a gift from Trog
  5601 | D:5      | Reached XP level 8. HP: 30/51 MP: 8/8
  5737 | D:5      | HP: 1/51 [water moccasin (4)]
  5739 | D:5      | Reached skill level 9 in Long Blades
  5739 | D:5      | Succumbed to a water moccasin's poison

Inventory:

Hand Weapons
 a - a +0 falchion (weapon)
Missiles
 n - 6 poisoned tomahawks (quivered)
Armour
 g - a +0 scale mail
 o - a +0 cloak (worn)
 r - a +0 pair of boots (worn)
 t - a cursed +0 chain mail (worn)
Jewellery
 f - a ring of protection from fire (right hand)
 h - a ring of protection from fire (left hand)
 s - a +2 amulet of reflection (around neck)
Scrolls
 b - 3 scrolls of teleportation {unknown}
 d - a scroll of amnesia {unknown}
 e - 2 scrolls of random uselessness {unknown}
 i - 8 scrolls of identify {unknown}
 j - 2 scrolls of enchant weapon {unknown}
 k - 2 scrolls of remove curse {unknown}
 l - 2 scrolls of fog {unknown}
 m - a scroll of blinking {unknown}
 q - 3 scrolls of enchant armour {unknown}
Comestibles
 c - 5 bread rations
 u - a meat ration


   Skills:
 - Level 2.6 Fighting
 + Level 9.2 Long Blades
 - Level 2.1 Armour
 - Level 2.1 Dodging


You had 7 spell levels left.
You didn't know any spells.

Dungeon Overview and Level Annotations

Branches:
Dungeon (5/15)
 Temple: D:4-7

Altars:
Elyvilon
Gozag
Trog


Innate Abilities, Weirdness & Mutations

You are small and have problems with some larger weapons.
You are somewhat resistant to further mutation.

Vault maps used:
D:1:      minmay_arrival_four_circles
D:2:      old_standard_altar, first_bread, kennysheep_generic_room_4
D:4:      nicolae_overflow_crystal_walls, corexii_mini_fake_secret_closet,
          uniq_sigmund
D:5:      grunt_gozag_statues


Message History

You feel sick. The scorpion closely misses you.
You riposte.
You barely miss the scorpion.
The scorpion is almost dead.
You hit the scorpion.
You kill the scorpion!
Trog accepts your kill. Something appears at your feet! Trog grants you a gift!
You have reached level 8!
You feel sick.
You feel sick.
You feel sick.
You feel sick.
You feel sick.
You see here 6 poisoned tomahawks.
n - 6 poisoned tomahawks You feel sick.
You feel sick.
You feel sick.
You feel sick.
You feel sick.
You start resting.
You feel sick. x8
You are no longer poisoned.
You start resting.
A water moccasin comes into view.
The water moccasin hisses angrily.
You are feeling very hungry.
You closely miss the water moccasin.
The water moccasin bites you but does no damage.
You hit the water moccasin.
The water moccasin is lightly wounded.
The water moccasin bites you.
You hit the water moccasin.
The water moccasin is moderately wounded.
The water moccasin bites you but does no damage.
You hit the water moccasin.
The water moccasin is moderately wounded.
The water moccasin barely misses you.
You riposte.
You hit the water moccasin.
The water moccasin is heavily wounded.
You hit the water moccasin.
The water moccasin is heavily wounded.
The water moccasin bites you.
You miss the water moccasin.
The water moccasin is heavily wounded.
The water moccasin bites you. x2
You are poisoned.
The water moccasin poisons you!
Your chain mail prevents you from hitting the water moccasin.
The water moccasin is heavily wounded.
You feel sick.
The water moccasin bites you but does no damage.
You miss the water moccasin.
The water moccasin is heavily wounded.
You feel sick. The water moccasin misses you.
You riposte.
You barely miss the water moccasin.
The water moccasin is heavily wounded.
You miss the water moccasin.
The water moccasin is heavily wounded.
You feel sick. The water moccasin bites you!
* * * LOW HITPOINT WARNING * * *
The water moccasin bites you.
* * * LOW HITPOINT WARNING * * *
Your skin crawls.
You feel resistant to hostile enchantments.
You feel somewhat more hungry.
You feel sick.
The water moccasin bites you but does no damage.
Unknown command.
You hit the water moccasin.
The water moccasin is heavily wounded.
You feel sick. The water moccasin bites you.
* * * LOW HITPOINT WARNING * * *
You feel very mighty all of a sudden.
You feel sick. The water moccasin barely misses you.
The water moccasin bites you but does no damage.
Unknown command.
You closely miss the water moccasin.
The water moccasin is heavily wounded.
You feel sick. You block the water moccasin's attack.
Unknown command.
You hit the water moccasin.
The water moccasin is severely wounded.
The water moccasin bites you but does no damage.
Unknown command.
You hit the water moccasin but do no damage.
The water moccasin is severely wounded.
You feel sick. The water moccasin bites you.
* * * LOW HITPOINT WARNING * * *
You are lethally poisoned!
The water moccasin poisons you!
Unknown command.
You hit the water moccasin.
The water moccasin is almost dead.
* * * LOW HITPOINT WARNING * * *
You feel sick. The water moccasin barely misses you.
You slash the water moccasin!
You kill the water moccasin!
Trog accepts your kill.
Your Long Blades skill increases to level 9!
You die...

#### #†.# ##..## #..#
#....# #..# #....##
##..## #.....# #....#
#.....## ##...##
#......### ##....#
##.......###.....#
#....@†........##
##...#######...## #....#
##### ###....# #......###
##########
#........#####>.......###
#..............(.........
#).....<.#####...........
#......### #####..#####


There were no monsters in sight!

Vanquished Creatures
  Sigmund (D:4)
  A water moccasin (D:5)
  2 scorpions
  A howler monkey (D:5)
  A hound (D:5)
  An orc priest (D:4)
  A centaur skeleton (D:4)
  2 giant frog skeletons
  3 orc wizards
  2 worker ant zombies (D:5)
  9 adders
  5 worms
  2 dart slugs
  5 giant geckos
  12 orcs
  2 giant cockroaches
  4 goblins
  9 hobgoblins
  3 jackals (D:2)
  3 quokkas
  A ball python (D:3)
  6 bats
  3 giant newts
  2 kobolds (D:1)
  2 rats
83 creatures vanquished.

Action                   |  1- 3 |  4- 6 |  7- 9 || total
-------------------------+-------+-------+-------++-------
Melee: Falchion          |   133 |   283 |   109 ||   525
Invok: Berserk           |     1 |     3 |       ||     4
       Trog's Hand       |       |     2 |     1 ||     3
  Use: Potion            |       |     6 |     1 ||     7
  Eat: Chunk             |     4 |     9 |     4 ||    17
       Beef jerky        |       |     2 |       ||     2
Armor: Scale mail        |    26 |    82 |     4 ||   112
       Chain mail        |       |       |    26 ||    26
Dodge: Dodged            |    55 |   113 |    36 ||   204
Block: Other             |       |     7 |     3 ||    10

Action                   |  1- 3 |  4- 6 |  7- 9 || total
-------------------------+-------+-------+-------++-------
Melee: Falchion          |   133 |   283 |   109 ||   525
Invok: Berserk           |     1 |     3 |       ||     4
       Trog's Hand       |       |     2 |     1 ||     3
  Use: Potion            |       |     6 |     1 ||     7
  Eat: Chunk             |     4 |     9 |     4 ||    17
       Beef jerky        |       |     2 |       ||     2
Armor: Scale mail        |    26 |    82 |     4 ||   112
       Chain mail        |       |       |    26 ||    26
Dodge: Dodged            |    55 |   113 |    36 ||   204
Block: Other             |       |     7 |     3 ||    10
